 Dungeon Crawl Stone Soup version 0.23-a0-612-gcb482e9 (webtiles) character file.

19 Borgoz the Skirmisher (level 2, 0/26 HPs)
             Began as a Ghoul Abyssal Knight on Dec 22, 2018.
             Was a Follower of Lugonu.
             Slain by a scorpion (1 damage)
             ... on level 2 of the Dungeon.
             The game lasted 00:01:42 (782 turns).

Borgoz the Skirmisher (Ghoul Abyssal Knight)         Turns: 782, Time: 00:01:43

Health: 0/26       AC:  3    Str: 15    XL:     2   Next: 75%
Magic:  2/2        EV: 11    Int:  7    God:    Lugonu [*.....]
Gold:   115        SH:  0    Dex:  8    Spells: 1/1 levels left

rFire    . . .     SeeInvis .   a - +1 hand axe
rCold    + . .     Gourm    .   (no shield)
rNeg     + + +     Faith    .   b - +0 leather armour
rPois    ∞         Spirit   .   (no helmet)
rElec    .         Reflect  .   (no cloak)
rCorr    .         Harm     .   (no gloves)
MR       .....                  (no boots)
Stlth    +.........             (no amulet)
HPRegen  0.00/turn              (no ring)
MPRegen  0.08/turn              (no ring)

@: rotting
A: rotting body, claws 1, carnivore, cold resistance 1, negative energy
resistance 3, inhibited regeneration, torment resistance, unbreathing
a: Depart the Abyss, Renounce Religion


You were on level 2 of the Dungeon.
You worshipped Lugonu.
Lugonu was aware of your devotion.
You were not hungry.

You visited 1 branch of the dungeon, and saw 2 of its levels.
You visited the Abyss 1 time.

You collected 115 gold pieces.

Inventory:

Hand Weapons
 a - a +1 hand axe (weapon)
Armour
 b - a +0 leather armour (worn)
 e - a +0 ring mail
Scrolls
 d - a scroll of fog
 f - 4 scrolls of identify {unknown}
 g - a scroll of immolation {unknown}
 h - a scroll of fear {unknown}
 i - a scroll of teleportation {unknown}
 j - a scroll of enchant armour {unknown}
 k - a scroll of enchant weapon {unknown}
Comestibles
 c - a ration
 l - 2 chunks of flesh


   Skills:
 + Level 3.5 Fighting
 + Level 2.0 Axes
 + Level 2.0 Armour
 + Level 1.2 Dodging
 + Level 2.3 Invocations


You had one spell level left.
You didn't know any spells.
Your spell library was empty.

Dungeon Overview and Level Annotations

Branches:
Dungeon (2/15)

Altars:


Innate Abilities, Weirdness & Mutations

Your body is rotting away.
You thrive on raw meat.
You are immune to poison.
You have sharp fingernails.
You are carnivorous and can eat meat at any time.
Your flesh is cold resistant. (rC+)
You are immune to negative energy. (rN+++)
You do not regenerate when monsters are visible.
You are immune to unholy pain and torment.
You can survive without breathing.


Message History

The frilled lizard bites you but does no damage.
The bat hits you but does no damage.
You hit the frilled lizard but do no damage.
You hit the bat.
You kill the bat!
Lugonu accepts your kill.
You hit the scorpion. The scorpion stings you!
* * * LOW HITPOINT WARNING * * *
The frilled lizard bites you.
* * * LOW HITPOINT WARNING * * *
You slash the frilled lizard!
You kill the frilled lizard!
Lugonu accepts your kill.
You completely miss the scorpion. The scorpion barely misses you.
The scorpion stings you.
* * * LOW HITPOINT WARNING * * *
As you read the scroll labeled NAL VUCOIHI, it crumbles to dust.
The scroll dissolves into smoke.
It was a scroll of fog.
The scorpion stings you.
You die...

#########
##...#...##
.##...§s§...##
......§@§....#
##....§§§.......
#...........[##
##.%.......#...
##.......## ##
#.####..# .. ...
##. .#.(


You could see a scorpion.

Vanquished Creatures
  A dart slug (D:1)
  5 bats
  A giant cockroach (D:1)
  4 hobgoblins (D:1)
  A frilled lizard (D:2)
  3 goblins (D:1)
  A rat (D:1)
16 creatures vanquished.

Notes
Turn   | Place    | Note
-------+----------+-------------------------------------------
     0 | Abyss:1  | Borgoz the Ghoul Abyssal Knight began the quest for the
                  | Orb.
     0 | Abyss:1  | Reached XP level 1. HP: 19/19 MP: 1/1
    77 | Abyss:2  | Found a corrupted altar of Lugonu.
    80 | Abyss:2  | Found a corrupted altar of Lugonu.
   148 | Abyss:3  | Noticed a small abomination
   179 | Abyss:3  | Noticed a neqoxec
   204 | Abyss:3  | Noticed a starcursed mass
   206 | D:1      | Escaped the Abyss
   253 | D:1      | Reached skill level 1 in Dodging
   333 | D:1      | Reached XP level 2. HP: 15/26 MP: 2/2
   405 | D:1      | Reached * piety under Lugonu
   774 | D:2      | Noticed a scorpion
   781 | D:2      | HP: 1/26 [scorpion (3)]
   782 | D:2      | Slain by a scorpion

Vault maps used:
D:1:      scummos_arrival_forest
D:2:      marbit_many_paths, trog_hazing_becter
Abyss:2:  evilmike_abyss_exit_8
Abyss:3:  hangedman_classic_abyss_death, hangedman_abyss_or_decor_clamps,
          nicolae_abyss_rune_star_stuff

Skill      XL: |  1  2 |
---------------+-------+-----
Dodging        | 1 |  1.2
Axes           | 2 |  2.0
Armour         | 2 |  2.0
Fighting       | |  3.5
Invocations    | |  2.3

Action                   || total
-------------------------++-------
Melee: Hand axe          ||    68
Invok: Depart the Abyss  ||     1
  Use: Potion            ||     2
       Scroll            ||     1
  Eat: Chunk             ||     4
Armor: Leather armour    ||    51
Dodge: Dodged            ||    43

Table legend:
 A = Non-vault XP
 B = Vault XP
 C = Vault XP percentage of total XP
 D = Non-vault monster count
 E = Vault monster count
 F = Vault count percentage of total count
                 A         B        C        D         E       F
            +---------+---------+-------+---------+---------+-------
      Total |      28 |       0 |   0.0 |      16 |       0 |   0.0
            +---------+---------+-------+---------+---------+-------
        D:1 |      26 |       0 |   0.0 |      14 |       0 |   0.0
        D:2 |       2 |       0 |   0.0 |       2 |       0 |   0.0
            +---------+---------+-------+---------+---------+-------
